 Dungeon Crawl Stone Soup version 0.31-a0-626-g8143ab4f1d (webtiles) character file.

Game seed: 9738722983630291728

437 dialectric the Trooper (level 6, 0/50 HPs)
             Began as a Demonspawn Fighter on Aug 24, 2023.
             Slain by an orc
             ... wielding a +0 falchion
              (3 damage)
             ... on level 6 of the Dungeon.
             The game lasted 00:03:35 (2553 turns).

dialectric the Trooper (Demonspawn Fighter)         Turns: 2553, Time: 00:03:35

Health: 0/50       AC: 14    Str: 17 (19) XL:     6   Next: 69%
Magic:  6/6        EV: 10    Int:  8 (9)  God:
Gold:   152        SH:  4    Dex:  9 (12) Spells: 5/5 levels left

rFire   . . .        a - +0 long sword (heavy)
rCold   . . .        (no shield)
rNeg    + . .        b - +0 scale mail
rPois   .            (no helmet)
rElec   .            (no cloak)
rCorr   .            (no gloves)
SInv    .            k - +0 pair of boots
Will    .....        (no amulet) Stlth
                     o - ring of positive energy
HPRegen 0.28/turn    (no ring)
MPRegen 0.10/turn

%: no passive effects
@: no status effects
A: thin metallic scales 1, icemail 1, condensation shield, demonic magic 1
a: no special abilities


You were on level 6 of the Dungeon.
You visited 1 branch of the dungeon, and saw 6 of its levels.

You collected 152 gold pieces.

Inventory:

Hand Weapons
 a - a +0 heavy long sword (weapon)
Missiles
 t - 3 boomerangs (quivered)
Armour
 b - a +0 scale mail (worn)
 c - a +0 buckler
 k - a +0 pair of boots (worn)
 l - a +0 plate armour
Jewellery
 o - a ring of positive energy (left hand)
Talismans
 u - a flux talisman
Scrolls
 d - a scroll of teleportation {unknown}
 e - 2 scrolls of vulnerability {unknown}
 f - a scroll of poison
 g - 4 scrolls of identify
 h - a scroll of fog {unknown}
 i - 2 scrolls of immolation
 r - a scroll of enchant weapon {unknown}


   Skills:
 + Level 4.8 Fighting
 - Level 4.0 Long Blades
 + Level 0.1 Throwing
 - Level 4.0 Armour
 * Level 1.8 Dodging
 - Level 0.3 Stealth
 - Level 2.6 Shields


You had 5 spell levels left.
You didn't know any spells.
Your spell library was empty.

Dungeon Overview and Level Annotations

Branches:
Dungeon (6/15)
 Temple: D:4-7

Altars:
Uskayaw

Annotations:
D:4 Pikel


Innate Abilities, Weirdness & Mutations

You are partially covered in thin metallic scales. (AC +2)
A meltable icy envelope protects you from harm. (AC +4)
A meltable shield of frost defends you. (SH +4)
Spells you cast may paralyse adjacent enemies.


Message History

Unknown command.
It was a potion of curing.
You feel better. The water moccasin misses you.
The orc hits you but does no damage.
The gnoll hits you from afar with a +0 spear.
The orc completely misses you. The orc closely misses you.
The orc hits you with a +0 falchion.
Unknown command.
Unknown command.
You barely miss the orc. Your punch misses the orc.
The water moccasin barely misses you. The orc hits you but does no damage. x4
The gnoll barely misses you. The gnoll hits you but does no damage.
The water moccasin barely misses you. The orc hits you with a +0 hand axe.
The gnoll hits you from afar with a +0 spear.
The orc hits you with a +0 falchion.
* * * LOW HITPOINT WARNING * * *
You block the orc's attack. The orc hits you with a +0 flail.
* * * LOW HITPOINT WARNING * * *
The gnoll misses you. The water moccasin closely misses you.
Unknown command.
Unknown command.
It was a potion of degeneration.
There was something very wrong with that liquid.
You feel weakened.
You feel dopey.
You feel clumsy. You block the water moccasin's attack.
The orc closely misses you.
The gnoll closely misses you. x2; The orc closely misses you. x2
The orc barely misses you.
Unknown command.
The air fills with toxic fumes!
As you read the scroll labelled ZED WUQEWOCOEF, it crumbles to dust.
It was a scroll of poison.
The water moccasin barely misses you. The orc hits you but does no damage.
The gnoll closely misses you.
The gnoll hits you from afar with a +0 spear.
* * * LOW HITPOINT WARNING * * *
The orc closely misses you. x2; The orc misses you.
The water moccasin bites you but does no damage.
Unknown command.
You slice the orc!!
You kill the orc!
The water moccasin barely misses you. The orc hits you with a +0 falchion.
You die...

##§§§
######§§§#
§§§#§§§§§#
§§§§§§§§§##
#§§§§§§§§#
#§§§§§§§§#
##§§§§§S§§##
#§§§§§)@§§§#
§§§§§gooo§§§#
§§§§§g§§§§§§§§§
§§##§§§§##§§§§§
§ #§§§§## ##§§§
#§§§## §§ §§§§#
§ §§§§


You could see a water moccasin, 2 gnolls and 3 orcs.

Vanquished Creatures
  Sigmund (D:2)
  A black bear (D:5)
  A lemure (D:3)
  A scorpion (D:5)
  A hound (D:5)
  An orc wizard (D:5)
  3 adders
  An ufetubus (D:4)
  A dart slug (D:2)
  6 orcs
  3 bats
  4 endoplasms
  A giant cockroach (D:1)
  5 goblins
  6 hobgoblins
  3 kobolds
  2 quokkas (D:2)
  A ball python (D:1)
  A frilled lizard (D:1)
  2 rats (D:1)
45 creatures vanquished.

Notes
Turn   | Place    | Note
-------+----------+-------------------------------------------
     0 | D:1      | dialectric the Demonspawn Fighter began the quest for the
                  | Orb.
     0 | D:1      | Reached XP level 1. HP: 18/18 MP: 1/1
   240 | D:1      | Gained mutation: A meltable shield of frost defends you.
                  | (SH +4) [demonic ancestry]
   240 | D:1      | Reached XP level 2. HP: 23/24 MP: 2/2
   368 | D:1      | You fall into a shaft and drop 1 floor!
   446 | D:2      | Noticed Sigmund
   455 | D:2      | Killed Sigmund
   456 | D:2      | Gained mutation: You are partially covered in thin metallic
                  | scales. (AC +2) [demonic ancestry]
   456 | D:2      | Reached XP level 3. HP: 7/30 MP: 3/3
   456 | D:2      | Gained mutation: Spells you cast may paralyse adjacent
                  | enemies. [demonic ancestry]
   456 | D:2      | Reached XP level 4. HP: 8/37 MP: 4/4
   456 | D:2      | Gained mutation: A meltable icy envelope protects you from
                  | harm. (AC +4) [demonic ancestry]
   456 | D:2      | Reached XP level 5. HP: 9/42 MP: 5/5
   783 | D:2      | Found a faded altar of an unknown god.
  1362 | D:3      | Found a hide-covered altar of Uskayaw.
  1945 | D:4      | Noticed a lemure
  1945 | D:4      | Noticed a lemure
  1947 | D:4      | Noticed Pikel
  1947 | D:4      | Noticed a lemure
  1948 | D:4      | Noticed a lemure
  2007 | D:3      | Killed a lemure
  2126 | D:5      | Entered Level 5 of the Dungeon
  2218 | D:5      | Noticed a black bear
  2229 | D:5      | Killed a black bear
  2230 | D:5      | Reached XP level 6. HP: 38/49 MP: 6/6
  2238 | D:5      | Noticed a water moccasin
  2348 | D:5      | Reached skill level 1 in Dodging
  2553 | D:6      | Slain by an orc

Illustrated notes

Levels and vault maps discovered:
D:1:      dpeg_arrival_line_fractal, layout_loops_cross,
          hangedman_decor_diamond_cutter, kennysheep_nondescript
D:2:      layout_loops_ring, hellmonk_ecumenical_altar_blasted, uniq_sigmund,
          uniq_crazy_yiuf_cottage
D:3:      layout_loops_ring, nicolae_uskayaw_murder_on_the_dancefloor,
          minmay_cut_off
D:4:      layout_loops_corners, ashenzari_conservatory_becter,
          lemuel_doored_altar, ebering_ghost_reflecting_pool, minmay_rat_hole,
          uniq_pikel
D:5:      layout_loops_cross
D:6:      layout_layer_cave, uniq_menkaure, uniq_eustachio

Skill      XL: |  1  2  3  4  5  6 |
---------------+-------------------+-----
Long Blades    | 3 4 |  4.0
Armour         | 3 4 |  4.0
Fighting       | 4 |  4.8
Dodging        | 1 |  1.8
Throwing       | |  0.1
Stealth        | |  0.3
Shields        | |  2.6

Action                     |  1- 3 |  4- 6 || total
---------------------------+-------+-------++-------
  Melee: Long sword        |    39 |   160 ||   199
         Punch             |     1 |     2 ||     3
  Throw: Boomerang         |       |     2 ||     2
    Use: Potion            |     1 |     5 ||     6
         Scroll            |       |     3 ||     3
 Armour: Scale mail        |    16 |   126 ||   142
         Skin              |       |    34 ||    34
  Dodge: Dodged            |    28 |   119 ||   147
  Block: Other             |     1 |    43 ||    44

Table legend: (Time is in decaauts)
 A = Elapsed time spent in this place.
 B = Non-inter-level travel time spent in this place.
 C = Inter-level travel time spent in this place.
 D = Time resting spent in this place.
 E = Time spent auto-exploring this place.
 F = Levels seen in this place.
 G = Mean time per level.
                   A        B        C        D        E       F      G
               +--------+--------+--------+--------+--------+-----+--------+
         Total |   2598 |   2523 |     75 |      0 |   1894 |   6 |  433.0 |
       Dungeon |   2598 |   2523 |     75 |      0 |   1894 |   6 |  433.0 |
               +--------+--------+--------+--------+--------+-----+--------+

Top non-repeatable levels by time:
     D:3: 900 daAuts
     D:2: 672 daAuts
     D:5: 420 daAuts
     D:1: 378 daAuts
     D:4: 206 daAuts
     D:6: 21 daAuts
